 Dungeon Crawl Stone Soup version 0.19-a0-1672-g679cadd (webtiles) character file.

95 kae the Shooter (level 4, -8/36 HPs)
             Began as a Centaur Hunter on Sept 21, 2016.
             Mangled by Sigmund
             ... wielding a +0 scythe
              (11 damage)
             ... on level 2 of the Dungeon on Sept 22, 2016.
             The game lasted 00:03:39 (1947 turns).

kae the Shooter (Centaur Hunter)                    Turns: 1947, Time: 00:03:39

Health: -8/36      AC:  4    Str: 15    XL:     4   Next: 40%
Magic:  4/4        EV: 14    Int: 10    God:
Gold:   25         SH:  0    Dex: 15    Spells: 0 memorised, 3 levels left

rFire  . . .     SeeInvis .     b - +0 short sword
rCold  . . .     Gourm    .     c - +0 leather armour
rNeg   . . .     Faith    .     (no shield)
rPois  .         Spirit   .     (no helmet)
rElec  .         Dismiss  .     (no cloak)
rCorr  .         Reflect  .     (no gloves)
MR     .....     Harm     .     (no barding)
Stlth  ++........               (no amulet)
                                (no ring)
                                (no ring)

@: agile, very quick
A: hooves 3, deformed body, speed 2, tough skin 3, evolution 1
a: no special abilities


You were on level 2 of the Dungeon.
You were not hungry.

You visited 1 branch of the dungeon, and saw 2 of its levels.

You collected 25 gold pieces.

Inventory:

Hand Weapons
 a - a +1 shortbow
 b - a +0 short sword (weapon)
Missiles
 d - 45 arrows
Armour
 c - a +0 leather armour (worn)
Scrolls
 e - a scroll of remove curse {unknown}
 i - 4 scrolls of identify {unknown}
 k - a scroll of magic mapping {unknown}
Potions
 j - a potion of berserk rage {unknown}
Comestibles
 f - 2 bread rations
 l - a chunk of flesh


   Skills:
 - Level 2.0 Fighting
 + Level 7.8 Bows
 - Level 1.3 Dodging
 - Level 0.5 Stealth


You had 3 spell levels left.
You didn't know any spells.

Dungeon Overview and Level Annotations

Branches:
Dungeon (2/15)

Altars:
Gozag
Makhleb
Xom
Zin

Annotations:
D:2 1 runed door, Sigmund


Innate Abilities, Weirdness & Mutations

You have hooves in place of feet.
Armour fits poorly on your strangely shaped body.
You cover ground very quickly.
You have extremely tough skin. (AC +3)
You evolve.


Message History

You kill the giant cockroach!
Something hits you.
* * * LOW HITPOINT WARNING * * *
Unknown command.
A puff of flame appears from out of thin air!
The puff of flame misses you.
Something tries to affect you, but you resist.
You see here a worm corpse.
You start resting.
Something hits you!
* * * LOW HITPOINT WARNING * * *
It was a potion of beneficial mutation.
You feel nature experimenting on you.
Don't worry, failures die fast.
You feel fantastic!
It was a potion of agility.
You feel agile all of a sudden.
Sigmund appears from thin air!
Reactivating autopickup.
Sigmund hits you from afar with a scythe!
You die...

#####'#####......#...#..##.#.#
#......####.######.(.###)..#.#
#......#⌠⌠#<# #..#+######.#.#
#.....##__### ###.†...####...#.#
#.....#8..# #2#_..._#A##...#.#
#.....##''# ###.....#####.##.#
#.....##..# #...+######.....#
##.....#...# ####...###.#..)#.#
...........#####@##...#.#.#.#.#.#
#..........)...#.###.##.#.#...#.#
#.....##'#####.#@##..##.#....<..#
#.....##.# #.#........#####...#
#.....##.# #.##############..>.
########)#####.................##
#........##############.#
########.# #########.# #.#
#.........#


You could see Sigmund.

Vanquished Creatures
  4 gnolls (D:1)
  An adder (D:2)
  A worm (D:2)
  2 dart slugs (D:1)
  A leopard gecko (D:1)
  7 bats
  2 giant cockroaches
  6 goblins
  4 hobgoblins
  3 jackals (D:1)
  A frilled lizard (D:1)
  4 kobolds
  4 rats
40 creatures vanquished.

Notes
Turn   | Place    | Note
-------+----------+-------------------------------------------
     0 | D:1      | kae the Centaur Hunter began the quest for the Orb.
     0 | D:1      | Reached XP level 1. HP: 17/17 MP: 1/1
   306 | D:1      | Reached XP level 2. HP: 24/24 MP: 2/2
   313 | D:1      | Reached skill level 6 in Bows
   417 | D:1      | Upgraded the game from 0.19-a0-1670-gc28a5d9 to 0.19-a0-1672-g679cadd
  1015 | D:2      | Reached XP level 3. HP: 24/29 MP: 3/3
  1151 | D:1      | Reached skill level 7 in Bows
  1316 | D:1      | Reached XP level 4. HP: 5/36 MP: 4/4
  1653 | D:2      | Found an opulent altar of Gozag.
  1653 | D:2      | Found a shimmering altar of Xom.
  1697 | D:2      | Found a runed door.
  1792 | D:2      | Found a burning altar of Makhleb.
  1819 | D:2      | Found a glowing silver altar of Zin.
  1819 | D:2      | Noticed an angel
  1825 | D:2      | Noticed a balrug
  1898 | D:2      | Noticed Sigmund
  1946 | D:2      | Gained mutation: You evolve. [potion of beneficial mutation]
  1947 | D:2      | Mangled by Sigmund

Vault maps used:
D:1:      dpeg_arrival_tiny_c
D:2:      grunt_temple_overflow_order_and_chaos_2, kiku_gazebo_garden_becter,
          gammafunk_temple_overflow_wave, lemuel_round_altar,
          uniq_crazy_yiuf_cottage, uniq_sigmund

Skill      XL: |  1  2  3 |
---------------+----------+-----
Bows           | 6 7 |  7.8
Fighting       | |  2.0
Dodging        | |  1.3
Stealth        | |  0.5

Action                   |  1- 3 |  4- 6 || total
-------------------------+-------+-------++-------
Melee: Short sword       |    89 |    49 ||   138
       Kick              |    14 |    13 ||    27
 Fire: Shortbow          |    30 |     3 ||    33
  Use: Potion            |       |     2 ||     2
  Eat: Chunk             |       |     3 ||     3
Armor: Leather armour    |    42 |    14 ||    56
Dodge: Dodged            |    62 |    31 ||    93
